 Dungeon Crawl Stone Soup version 0.28.0-53-g5a82cb258f (webtiles) character file.

Game seed: 16154637786337247759

26849 melsah the Frost Mage (level 13, -5/77 HPs)
             Began as a Merfolk Ice Elementalist on July 3, 2022.
             Was an Elder of Hepliaklqana.
             Slain by a +0 long sword of electrocution (20 damage)
             ... on level 1 of the Elven Halls.
             The game lasted 01:50:54 (19917 turns).

melsah the Frost Mage (Merfolk Ice Elementalist)   Turns: 19917, Time: 01:50:55

Health: -5/77      AC: 10    Str:  9    XL:     13   Next: 28%
Magic:  27/27      EV: 17    Int: 24    God:    Hepliaklqana [****..]
Gold:   79         SH:  5    Dex: 15    Spells: 5/33 levels left

rFire   + + .      SeeInvis .   t - +7 spear (vamp)
rCold   + . .      Faith    .   B - +0 buckler
rNeg    + + .      Spirit   .   C - +0 steam dragon scales
rPois   .          Reflect  .   u - +2 hat {Will+}
rElec   .          Harm     .   I - scarf {rC+ rF+}
rCorr   .          Rampage  .   v - +1 pair of gloves
Will    +....                   D - +0 pair of boots
Stlth   ++........              n - amulet of magic regeneration
HPRegen 0.22/turn               i - +6 ring of intelligence
MPRegen 0.60/turn               A - ring "Fadog" {Fly rF+ rN++}

@: flying, studying Shields
A: reduced essence, (nimble swimmer 2), mertail
a: Renounce Religion, Recall Ancestor, Ancestor Identity, Transference, Idealise


You were on level 1 of the Elven Halls.
You worshipped Hepliaklqana.
Hepliaklqana was greatly pleased with you.
You visited 4 branches of the dungeon, and saw 15 of its levels.
You also visited: Ossuary.

You collected 1261 gold pieces.
You spent 1182 gold pieces at shops.

Inventory:

Hand Weapons
 t - a +7 vampiric spear (weapon)
 y - a +2 vorpal trident
 F - a +2 short sword of holy wrath
Armour
 u - a +2 hat of willpower (worn)
 v - a +1 pair of gloves (worn)
 B - a +0 buckler (worn)
 C - +0 steam dragon scales (worn)
 D - a +0 pair of boots (worn)
 H - +0 acid dragon scales
 I - a scarf of resistance (worn)
Jewellery
 f - an amulet of regeneration
 i - a +6 ring of intelligence (left hand)
 n - an amulet of magic regeneration (around neck)
 A - the ring "Fadog" (right hand) {Fly rF+ rN++}
   (You bought it in a shop on level 1 of the Orcish Mines)

   [ring of flight]

   rF:        It protects you from fire.
   rN:        It greatly protects you from negative energy.
   Fly:       It grants you flight.
Scrolls
 a - a scroll of fear
 r - a scroll of teleportation
 s - 3 scrolls of magic mapping
 E - a scroll of silence
Potions
 b - a potion of attraction
 c - a potion of magic
 d - 2 potions of mutation
 e - 4 potions of heal wounds
 g - 6 potions of brilliance
 h - a potion of resistance
 j - 2 potions of ambrosia
 k - 2 potions of flight
 l - 4 potions of curing
 m - 2 potions of berserk rage
 o - a potion of degeneration
 p - a potion of cancellation
 q - 3 potions of might
 x - a potion of lignification
 z - 2 potions of haste
 G - a potion of invisibility
Miscellaneous
 w - a tin of tremorstones (2/2)


   Skills:
 - Level 3.0 Fighting
 - Level 9.0 Polearms
 - Level 11.0 Dodging
 - Level 2.1 Stealth
 - Level 5.0 Shields
 + Level 10.7 Spellcasting
 - Level 7.0 Conjurations
 + Level 6.1 Hexes
 + Level 5.8 Translocations
 - Level 11.0 Ice Magic


You had 5 spell levels left.
You knew the following spells:

 Your Spells              Type           Power      Damage    Failure   Level
a - Freeze                Ice            100%       1d11      1%          1
b - Frozen Ramparts       Ice            100%       1d12      1%          3
c - Ozocubu's Armour      Ice            60%        N/A       1%          3
d - Confusing Touch       Hex            42%        N/A       1%          3
e - Slow                  Hex            100%       N/A       1%          1
f - Hailstorm             Conj/Ice       54%        3d12      1%          4
g - Animate Skeleton      Necr           24%        N/A       6%          1
h - Tukima's Dance        Hex            42%        N/A       1%          3
i - Teleport Other        Tloc           40%        N/A       1%          3
j - Dazzling Flash        Conj/Hex       88%        N/A       1%          3
k - Gell's Gravitas       Tloc           40%        N/A       1%          3

Your spell library contained the following spells:

 Spells                   Type           Power      Damage    Failure   Level
 Lesser Beckoning         Tloc           40%        N/A       1%          3
 Portal Projectile        Hex/Tloc       82%        N/A       1%          3
 Iskenderun's Mystic Bla  Conj/Tloc      43%        2d10      4%          4
 Passage of Golubria      Tloc           40%        N/A       5%          4
 Pain                     Necr           48%        1d6       6%          1
 Mephitic Cloud           Conj/Pois/Air  24%        N/A       7%          3
 Corpse Rot               Necr/Air       24%        N/A       10%         2
 Freezing Cloud           Conj/Ice/Air   20%        6-21      14%         5
 Ignite Poison            Fire/Tmut/Pois 12%        N/A       19%         3
 Vampiric Draining        Necr           12%        2d6       19%         3
 Yara's Violent Unravell  Hex/Tmut       13%        3d7       43%         5
 Animate Dead             Necr           6%         N/A       52%         4
 Dispel Undead            Necr           12%        3d9       52%         4
 Blade Hands              Tmut           6%         N/A       86%         5
 Borgnjor's Vile Clutch   Necr/Erth      6%         N/A       86%         5
 Excruciating Wounds      Necr           6%         N/A       86%         5
 Starburst                Conj/Fire      14%        6d6       92%         6
 Enfeeble                 Hex            21%        N/A       99%         7
 Death Channel            Necr           6%         N/A       100%        6


Dungeon Overview and Level Annotations

Branches:
Dungeon (11/15)            Temple (1/1) D:5             Orc (2/2) D:9
    Elf (1/3) Orc:2       Ossuary (visited)
   Lair: D:8-11

Altars:
Ashenzari
Cheibriados
Dithmenos
Elyvilon
Fedhas
Gozag
Hepliaklqana
Kikubaaqudgha
Makhleb
Nemelex Xobeh
Okawaru
Qazlal
Ru
Sif Muna
Trog
Uskayaw
Vehumet
Wu Jian
Xom
Yredelemnul
Zin
The Shining One
Beogh

Shops:
D:5 *   Orc:1 !=!?   Orc:2 *[(=


Innate Abilities, Weirdness & Mutations

Your life essence is reduced to manifest your ancestor. (-10% HP)
((You are very nimble when in or above water. (Stealth+, EV+, Speed+++)))
Your lower body shifts to a powerful aquatic tail in water.


Message History

The deep elf pyromancer is moderately wounded.
You are covered in liquid flames!
The +0 long sword of electrocution completely resists.
The wall freezes the +0 long sword of electrocution but does no damage.
The +0 long sword of electrocution hits Cyneburga!
The wall freezes the deep elf pyromancer!
The deep elf pyromancer misses you.
You hit the deep elf pyromancer but do no damage.
The deep elf pyromancer is heavily wounded.
You are covered in liquid flames!
The +0 long sword of electrocution resists.
The wall freezes the +0 long sword of electrocution.
The +0 long sword of electrocution hits Cyneburga!
The wall freezes the deep elf pyromancer.
The deep elf pyromancer closely misses you.
Your frozen ramparts will break if you move.
Continue?
You swap places.
The frozen ramparts melt away as you move.
You are covered in liquid flames!
The +0 long sword of electrocution completely misses you.
Cyneburga hits the deep elf pyromancer with a +0 flail!
The +0 long sword of electrocution hits you.
You are electrocuted!
The deep elf pyromancer barely misses Cyneburga.
You hit the +0 long sword of electrocution.
The +0 long sword of electrocution is lightly damaged.
The +0 long sword of electrocution hits you!!
You are electrocuted!!
* * * LOW HITPOINT WARNING * * *
Cyneburga hits the deep elf pyromancer with a +0 flail!
The deep elf pyromancer dies!
You hit the +0 long sword of electrocution.
The +0 long sword of electrocution is moderately damaged.
The +0 long sword of electrocution hits you!
* * * LOW HITPOINT WARNING * * *
You feel much better.
The +0 long sword of electrocution hits you!
* * * LOW HITPOINT WARNING * * *
You are electrocuted!!
You die...

# #.. .e.
##### ☼E
#...#####.#
#....(@REE#
#....######
#.<.......#
#...#####.#
#####


You could see the friendly Cyneburga the knight, 2 fire elementals and a +0 long
sword of electrocution (ally target).

Vanquished Creatures
  Gastronok (D:9)
  A centaur warrior (D:11)
  5 orc knights
  Pikel (D:4)
  6 orc sorcerers (Orc:2)
  3 trolls
  A tarantella (shapeshifter) (D:11)
  Sigmund (D:5)
  9 yaks
  A wraith (D:10)
  2 wyverns (D:7)
  2 steam dragons
  Menkaure (D:4)
  5 wargs (Orc:1)
  An acid dragon (D:11)
  Edmund (D:4)
  17 orc warriors
  A sky beast (D:6)
  A black bear (D:5)
  5 ogres
  2 centaurs
  2 lemures (D:4)
  A phantom (D:7)
  4 bullfrogs
  A wyvern zombie (D:8)
  A kobold brigand (D:8)
  A gnoll sergeant (D:4)
  A scorpion (D:5)
  A wyvern skeleton (D:7)
  5 killer bees (D:9)
  4 wights
  A bullfrog zombie (D:6)
  A centaur zombie (D:7)
  3 jellies
  A gnoll shaman (D:7)
  9 orc priests
  2 centaur skeletons
  2 hounds (D:5)
  Jessica (D:3)
  2 iguanas
  A bullfrog skeleton (D:7)
  8 orc wizards
  A hound zombie (D:5)
  A hound skeleton (D:4)
  3 mummies (Ossuary)
  2 howler monkey skeletons
  6 adders
  10 gnolls
  A white imp (D:5)
  An ufetubus (D:6)
  3 worms
  2 dart slugs (D:4)
  31 orcs
  5 ball pythons
  4 bats
  8 endoplasms
  3 giant cockroaches
  3 gnoll zombies (Ossuary)
  14 goblins
  10 hobgoblins
  2 jackals (D:1)
  5 quokkas
  3 frilled lizards
  3 gnoll skeletons (Ossuary)
  2 goblin skeletons (Ossuary)
  5 goblin zombies (Ossuary)
  A hobgoblin skeleton (Ossuary)
  2 hobgoblin zombies (Ossuary)
  18 kobolds
  4 kobold skeletons (Ossuary)
  4 kobold zombies (Ossuary)
  5 orc skeletons (Ossuary)
  An orc zombie (Ossuary)
  3 rats
  3 rat skeletons (Ossuary)
  3 rat zombies (Ossuary)
291 creatures vanquished.

Vanquished Creatures (collateral kills)
  An orc warlord (Orc:2)
  An ettin (Orc:2)
  Erica (Orc:1)
  2 two-headed ogres
  2 orc high priests
  A deep elf pyromancer (Elf:1)
  2 orc knights (Orc:2)
  2 cyclopes
  2 trolls
  2 hornets
  A shadow (D:10)
  A wraith (D:10)
  A wyvern (D:9)
  4 yaks
  3 wargs (Orc:1)
  11 orc warriors
  An ice beast (D:6)
  7 ogres
  2 centaurs (D:7)
  A kobold brigand (D:10)
  2 bullfrogs
  2 scorpions (D:6)
  A water moccasin skeleton (D:6)
  3 wights
  A howler monkey (D:6)
  A centaur zombie (D:9)
  A jelly (D:5)
  4 orc priests
  An iguana (D:7)
  A bullfrog skeleton (D:6)
  13 orc wizards
  A mummy (Ossuary)
  3 gnolls (D:8)
  A howler monkey skeleton (D:7)
  2 adders
  16 orcs
  2 gnoll zombies (Ossuary)
  2 gnoll skeletons (Ossuary)
  2 hobgoblin zombies (Ossuary)
  A kobold (D:10)
  A kobold skeleton (Ossuary)
  A kobold zombie (Ossuary)
  3 orc skeletons (Ossuary)
  An orc zombie (Ossuary)
  A rat skeleton (Ossuary)
  A rat zombie (Ossuary)
116 creatures vanquished.

Vanquished Creatures (others)
  9 dancing weapons
  5 knights
  An ancestor (Ossuary)
  8 plants
23 creatures vanquished.

Grand Total: 430 creatures vanquished

Notes
Turn   | Place    | Note
-------+----------+-------------------------------------------
     0 | D:1      | melsah the Merfolk Ice Elementalist began the quest for the
                  | Orb.
     0 | D:1      | Reached XP level 1. HP: 13/13 MP: 3/3
   290 | D:1      | Reached XP level 2. HP: 19/19 MP: 3/5
   736 | D:1      | Reached skill level 5 in Ice Magic
   849 | D:1      | Reached XP level 3. HP: 18/24 MP: 2/6
  1380 | D:2      | Found a faded altar of an unknown god.
  1402 | D:1      | Learned a level 3 spell: Frozen Ramparts
  2453 | D:2      | You fall into a shaft and drop 1 floor!
  2502 | D:3      | Reached XP level 4. HP: 8/30 MP: 5/8
  2778 | D:3      | Noticed an ogre
  3287 | D:3      | Found a hazy altar of Hepliaklqana.
  3289 | D:3      | Found a shimmering altar of Xom.
  3290 | D:3      | Noticed a spectral ugly thing
  3296 | D:3      | Became a worshipper of Hepliaklqana the Forgotten
  4087 | D:3      | Noticed Jessica
  4093 | D:3      | Killed Jessica
  4094 | D:3      | Reached XP level 5. HP: 35/35 MP: 4/9
  4104 | D:3      | Got Jessica's Disquisition on Evil Arts
  4210 | D:3      | Killed an ogre
  4211 | D:3      | Reached skill level 5 in Dodging
  4211 | D:3      | Reached XP level 6. HP: 19/41 MP: 3/11
  4462 | D:5      | Entered Level 5 of the Dungeon
  4771 | D:5      | Noticed Sigmund
  4874 | D:4      | Noticed Edmund
  4889 | D:4      | Killed Edmund
  4890 | D:4      | Reached XP level 7. HP: 31/46 MP: 3/12
  5137 | D:4      | Learned a level 3 spell: Ozocubu's Armour
  5529 | D:4      | Noticed Pikel
  5533 | D:4      | Reached skill level 1 in Polearms
  5541 | D:4      | Killed Pikel
  5542 | D:4      | Reached skill level 1 in Fighting
  5542 | D:4      | Reached XP level 8. HP: 40/54 MP: 7/13
  5620 | D:4      | Learned a level 3 spell: Confusing Touch
  5636 | D:4      | Noticed Menkaure
  5655 | D:4      | Killed Menkaure
  6372 | D:5      | Noticed a yak
  6386 | D:5      | Reached skill level 5 in Spellcasting
  6390 | D:5      | Killed a yak
  6744 | D:5      | Reached XP level 9. HP: 58/63 MP: 13/18
  6818 | D:5      | Reached * piety under Hepliaklqana
  6854 | D:5      | Found Kummape's Elemental Accessories.
  7186 | D:5      | Killed Sigmund
  7343 | D:5      | Found a staircase to the Ecumenical Temple.
  7353 | Temple   | Entered the Ecumenical Temple
  7733 | D:6      | Reached skill level 1 in Hexes
  7851 | D:6      | Found a sand-covered staircase.
  7861 | Ossuary  | Entered an ossuary
  8476 | Ossuary  | Identified a scroll of acquirement
  8476 | Ossuary  | Acquired a book of Debilitation
  8482 | Ossuary  | Learned a level 1 spell: Slow
  8777 | D:6      | Noticed a troll
  8798 | D:6      | Killed a troll
  8892 | D:6      | Reached ** piety under Hepliaklqana
  9715 | D:6      | Learned a level 4 spell: Hailstorm
  9891 | D:6      | Remembered your ancestor Cyneburga as a knight
  9901 | D:7      | Reached skill level 5 in Hexes
  9901 | D:7      | Reached skill level 1 in Shields
  9949 | D:7      | Reached XP level 10. HP: 56/63 MP: 20/20
 10366 | D:7      | Identified the +2 scale mail of Vanudu {rC++}
 10571 | D:7      | Reached skill level 5 in Shields
 10991 | D:7      | Learned a level 1 spell: Animate Skeleton
 11726 | D:8      | Learned a level 3 spell: Tukima's Dance
 11946 | D:8      | Noticed a two-headed ogre
 11958 | D:8      | Killed a two-headed ogre
 11959 | D:8      | Reached skill level 1 in Conjurations
 12325 | D:8      | Reached skill level 10 in Ice Magic
 12481 | D:8      | Reached *** piety under Hepliaklqana
 12877 | D:9      | Learned a level 3 spell: Teleport Other
 12907 | D:9      | Reached XP level 11. HP: 54/67 MP: 21/21
 13489 | D:9      | Found a staircase to the Orcish Mines.
 13489 | D:9      | Noticed a cyclops
 13496 | D:9      | Killed a cyclops
 13497 | D:9      | Reached skill level 5 in Conjurations
 13748 | D:9      | Noticed Gastronok
 13765 | D:9      | Killed Gastronok
 13827 | D:10     | Entered Level 10 of the Dungeon
 13975 | D:10     | Paralysed by a hornet for 3 turns
 15044 | D:11     | Noticed a centaur warrior
 15051 | D:11     | Killed a centaur warrior
 15403 | D:11     | Noticed a cyclops
 15483 | D:11     | Acquired the +0 helmet "Okoycot" {Contam rPois Regen+}
 15504 | D:11     | Reached **** piety under Hepliaklqana
 15534 | D:11     | Noticed a manticore
 15618 | Orc:1    | Entered Level 1 of the Orcish Mines
 15632 | Orc:1    | Found Xicad's Jewellery Boutique.
 15656 | Orc:1    | Reached skill level 10 in Dodging
 15709 | Orc:1    | Noticed an orc knight
 15722 | Orc:1    | Killed an orc knight
 15748 | Orc:1    | Reached XP level 12. HP: 45/72 MP: 13/22
 15850 | Orc:1    | Noticed a two-headed ogre
 15857 | Orc:1    | Killed a two-headed ogre
 15858 | Orc:1    | Reached skill level 5 in Translocations
 15862 | Orc:1    | Learned a level 3 spell: Dazzling Flash
 15948 | Orc:1    | Bought the ring "Fadog" {Fly rF+ rN++} for 588 gold pieces
 15978 | Orc:1    | Noticed Erica
 15988 | Orc:1    | Killed Erica
 16714 | Orc:1    | Found Amiyzaum's Distillery.
 16847 | Orc:2    | Entered Level 2 of the Orcish Mines
 16847 | Orc:2    | Found a staircase to the Elven Halls.
 17083 | Orc:1    | Found Zuwuguow's Distillery.
 17101 | Orc:1    | Noticed an orc high priest
 17154 | Orc:1    | Killed an orc high priest
 17176 | Orc:1    | Bought a potion of haste for 140 gold pieces
 17278 | Orc:1    | Bought a potion of invisibility for 112 gold pieces
 17311 | Orc:1    | Found Foud's Magic Scroll Shoppe.
 17316 | Orc:1    | Bought a scroll of identify for 30 gold pieces
 17474 | Orc:1    | Bought a scroll of enchant weapon for 112 gold pieces
 17625 | Orc:2    | Noticed a soul eater
 17667 | Orc:2    | Reached skill level 10 in Spellcasting
 17683 | Orc:2    | Noticed an ettin
 17685 | Orc:2    | Reached XP level 13. HP: 26/77 MP: 2/27
 18074 | Orc:1    | Learned a level 3 spell: Gell's Gravitas
 18221 | Orc:2    | Noticed an orc warlord
 18422 | Orc:2    | Killed an ettin
 18707 | Orc:2    | Killed an orc warlord
 19646 | Orc:2    | Found Ixyip's Jewellery Emporium.
 19659 | Orc:2    | Found Dahurr's General Store.
 19661 | Orc:2    | Found Cuivous's Antique Weapon Emporium.
 19695 | Orc:2    | Found Kenas's Antique Armour Emporium.
 19702 | Orc:2    | Bought a glowing scarf for 200 gold pieces
 19903 | Elf:1    | Entered Level 1 of the Elven Halls
 19917 | Elf:1    | Slain by a +0 long sword of electrocution

Illustrated notes

Levels and vault maps discovered:
D:1:      wheals_arrival_shading, layout_rooms, serial_forest,
          infiniplex_forest_lined_room_3, infiniplex_forest_side_room,
          infiniplex_forest_lined_2, infiniplex_forest_zigzag_1,
          infiniplex_forest_side_room, infiniplex_forest_clump_large,
          infiniplex_forest_clump_small
D:2:      layout_basic, nicolae_ecumenical_oubliette, minmay_misc_feat_square,
          wad_floor_pattern_1, chequers_garden, minmay_goblin_outpost
D:3:      layout_loops_corners, regret_index_temple_of_mockery,
          kennysheep_jessica_study, uniq_jessica
D:4:      minmay_spotlight, layout_rooms, uniq_edmund, uniq_menkaure, uniq_pikel
D:5:      layout_loops_cross, minmay_temple_entry_overgrown,
          nicolae_elemental_shop, minmay_manual_monolith, uniq_sigmund
D:6:      minmay_general_purpose_star, layout_basic, nicolae_ossuary_entry_ruins
D:7:      kb_forest_paths, layout_loops_ring, st_stairs_2, minivault_26
D:8:      layout_basic, chequers_decorated_corner, kennysheep_generic_room_10
D:9:      layout_roguey, david_orc_4, uniq_gastronok
D:10:     layout_rooms, minivault_23
D:11:     wad_cavern_with_rooms, layout_irregular_city,
          erik_lair_orcish_takeover
Temple:   regret_index_temple_chain_breaker
Orc:1:    layout_diamond_mine, serial_shops, nicolae_shop_stone, shop,
          nicolae_shop_stone, nicolae_shop_hallway_plus, uniq_erica
Orc:2:    grunt_orc_cross, layout_diamond_mine
Elf:1:    eino_elf_arrival_altar, layout_loops_corners, serial_shops,
          nicolae_lakefront_shop, serial_co_window_serial, co_window_corner_a,
          co_window_paths_a, co_window_corner_a, co_window_of_opportunity_a,
          co_window_paths_b, co_window_corner_b, co_window_broadway_a,
          co_window_corner_b, co_window_2corner, co_window_4corner_b,
          glass_columns_b, uniq_asterion, uniq_frances

Skill      XL: |  1  2  3  4  5  6  7  8  9 10 11 12 13 |
---------------+----------------------------------------+-----
Ice Magic      | 5 6 7 11 | 11.0
Dodging        | 3 4 5 7 10 11 | 11.0
Spellcasting   | 3 6 7 10 | 10.7
Polearms       | 7 9 |  9.0
Fighting       | 1 3 |  3.0
Hexes          | 5 6 |  6.1
Shields        | 3 5 |  5.0
Conjurations   | 3 5 7 |  7.0
Translocations | 4 5 |  5.8
Stealth        | |  2.1

Action                   |  1- 3 |  4- 6 |  7- 9 | 10-12 | 13-15 || total
-------------------------+-------+-------+-------+-------+-------++-------
Melee: Whip              |    24 |    17 |       |       |       ||    41
       Punch             |       |     1 |     4 |       |       ||     5
       Spear             |       |       |   256 |   267 |    29 ||   552
 Cast: Freeze            |    48 |    59 |    38 |    29 |    13 ||   187
       Frozen Ramparts   |     2 |     6 |    38 |    42 |     6 ||    94
       Ozocubu's Armour  |       |       |     9 |    18 |     3 ||    30
       Slow              |       |       |     8 |    51 |     7 ||    66
       Confusing Touch   |       |       |     8 |     4 |       ||    12
       Hailstorm         |       |       |       |    27 |     5 ||    32
       Animate Skeleton  |       |       |       |    26 |     2 ||    28
       Tukima's Dance    |       |       |       |    51 |    14 ||    65
       Teleport Other    |       |       |       |     1 |       ||     1
       Dazzling Flash    |       |       |       |     4 |     1 ||     5
       Gell's Gravitas   |       |       |       |       |     4 ||     4
Invok: Recall Ancestor   |       |       |     1 |     1 |       ||     2
       Ancestor Life: Kn |       |       |     1 |       |       ||     1
       Ancestor Identity |       |       |     1 |       |       ||     1
  Use: Scroll            |     4 |     5 |    16 |    10 |     1 ||    36
       Potion            |       |       |     2 |     3 |     2 ||     7
 Stab: Distracted        |       |       |     1 |     2 |       ||     3
       Confused          |       |       |     1 |     1 |       ||     2
       Sleeping          |       |       |       |     6 |       ||     6
Armor: Robe              |     7 |     7 |    28 |    12 |       ||    54
       Steam dragon scal |       |       |       |    40 |    17 ||    57
       Skin              |       |       |       |     8 |    10 ||    18
Dodge: Dodged            |    26 |    39 |   117 |   166 |    29 ||   377
Block: Buckler           |       |       |     1 |    63 |    12 ||    76
